 Dungeon Crawl Stone Soup version 0.31-a0-960-g0fca184906 (webtiles) character file.

Game seed: 9890837292473878942

35 mightbedylan the Sneak (level 3, -3/16 HPs)
             Began as a Spriggan Venom Mage on Oct 23, 2023.
             Slain by a goblin
             ... wielding a +0 club
             ... led by Robin
              (5 damage)
             ... on level 2 of the Dungeon.
             The game lasted 00:08:59 (1311 turns).

mightbedylan the Sneak (Spriggan Venom Mage)        Turns: 1311, Time: 00:09:00

Health: -3/16      AC:  3    Str:  1 (3)  XL:     3   Next: 16%
Magic:  8/8        EV: 18    Int: 13 (15) God:
Gold:   51         SH:  0    Dex: 18 (21) Spells: 5/8 levels left

rFire   . . .        (weapon restricted)
rCold   . . .        (no shield)
rNeg    . . .        a - +1 robe
rPois   .            (helmet restricted)
rElec   .            (no cloak)
rCorr   .            (gloves unavailable)
SInv    +            (boots unavailable)
Will    .....        (no amulet)
Stlth   +++          (no ring)
HPRegen 0.22/turn    (no ring)
MPRegen 0.11/turn

%: no passive effects
@: attractive, very quick
A: very small, no large weapons, unfitting armour, see invisible, speed 3, agile
1, mutation resistance 1
a: no special abilities


You were on level 2 of the Dungeon.
You visited 1 branch of the dungeon, and saw 2 of its levels.

You collected 51 gold pieces.

Inventory:

Armour
 a - a +1 robe (worn)
 l - a +0 pair of gloves
Jewellery
 d - a +4 ring of slaying
Scrolls
 k - a scroll of fog {unknown}
Potions
 b - 2 potions of magic


   Skills:
 + Level 3.2 Dodging
 + Level 3.6 Stealth
 + Level 3.1 Spellcasting
 + Level 2.2 Transmutations
 + Level 3.2 Poison Magic


You had 5 spell levels left.
You knew the following spells:

 Your Spells              Type           Power      Damage    Failure   Level
a - Sting                 Tmut/Pois      36%        1d4       8%          1
b - Poisonous Vapours     Pois/Air       12%        N/A       17%         2

Your spell library contained the following spells:

 Spells                   Type           Power      Damage    Failure   Level
 Mephitic Cloud           Conj/Pois/Air  4%         N/A       41%         3
 Olgreb's Toxic Radiance  Pois           10%        N/A       52%         4


Dungeon Overview and Level Annotations

Branches:
Dungeon (2/15)

Altars:


Innate Abilities, Weirdness & Mutations

You are very small and have problems with some larger weapons.
You are too small for most types of armour.
You have supernaturally acute eyesight. (SInv)
You cover ground extremely quickly. (Speed+++)
You are agile. (Dex +4, Str/Int -1)
You are somewhat resistant to further mutation.


Message History

The goblin is engulfed in poison gas.
The goblin is poisoned.
You kill the goblin!
The goblin closely misses you. The hobgoblin is attracted toward you.
It was a potion of degeneration.
There was something very wrong with that liquid.
You feel weakened.
You feel dopey.
You feel clumsy.
You kill the goblin!
The goblin barely misses you.
The hobgoblin is engulfed in poison gas.
The hobgoblin looks even sicker.
You kill the hobgoblin!
Robin is engulfed in poison gas.
Robin looks even sicker.
The goblin hits you with a +0 dagger.
As you read the scroll labelled FERCHEU JOVU, it crumbles to dust.
It is a scroll of enchant armour.
Your +0 robe glows green for a moment.
Robin is engulfed in poison gas.
Robin looks even sicker.
The goblin hits you with a +0 club.
* * * LOW HITPOINT WARNING * * *
The goblin completely misses you.
A goblin comes into view. It is wielding a +0 club.
The goblin is attracted toward you.
It was a potion of mutation.
You feel extremely strange.
You feel genetically stable.
You feel agile.
Robin is engulfed in poison gas.
Robin looks as sick as possible!
You kill Robin!
The goblin closely misses you. The goblin barely misses you.
The goblin is engulfed in poison gas.
The goblin is poisoned.
You kill the goblin!
The goblin is attracted toward you.
You have reached level 3!
Your experience leads to an increase in your attributes!
Your base attributes are Str 4, Int 16, Dex 15.
Increase (S)trength, (I)ntelligence, or (D)exterity?
You feel agile. x2
As you read the scroll labelled KANADA MECLO, it crumbles to dust.
It is a scroll of amnesia.
Okay, then.
The goblin barely misses you.
The goblin is engulfed in poison gas.
The goblin is poisoned.
The goblin hits you with a +0 club.
You die...

...###.....#
#.# #......
##....)....##
#.# #......
##.#######..#
#.. #......
##.# ##.# ##.
###.### #..#
#.# . #.#
..## #.# #.#
.## #.## #g#
...#
#§§###### #.#
##.#
##§§§g@§# #.#
.# ######gg#
..# # #☼§#
#§# §§☼ #§§
... ☼§


You could see 3 goblins.

Vanquished Creatures
  Robin (D:2)
  2 ball pythons
  2 bats
  3 endoplasms
  8 goblins
  2 hobgoblins
  A kobold (D:1)
  2 rats
21 creatures vanquished.

Notes
Turn   | Place    | Note
-------+----------+-------------------------------------------
     0 | D:1      | mightbedylan the Spriggan Venom Mage began the quest for
                  | the Orb.
     0 | D:1      | Reached XP level 1. HP: 9/9 MP: 5/5
   438 | D:1      | Reached XP level 2. HP: 13/13 MP: 4/6
  1059 | D:2      | Learned a level 2 spell: Poisonous Vapours
  1302 | D:2      | Noticed Robin
  1310 | D:2      | Gained mutation: You are somewhat resistant to further
                  | mutation. [potion of mutation]
  1310 | D:2      | Gained mutation: You are agile. (Dex +4, Str/Int -1)
                  | [potion of mutation]
  1310 | D:2      | Killed Robin
  1311 | D:2      | Reached XP level 3. HP: 2/16 MP: 8/8
  1311 | D:2      | Slain by a goblin

Illustrated notes

Levels and vault maps discovered:
D:1:      ncdulo_watergridlock, layout_loops_corners
D:2:      layout_rooms, ebering_ecumenical_altar_sacrificial, uniq_robin

Skill      XL: |  1  2 |
---------------+-------+-----
Dodging        | 3 |  3.2
Spellcasting   | 3 |  3.1
Transmutations | 2 |  2.2
Stealth        | |  3.6
Poison Magic   | |  3.2

Action                     || total
---------------------------++-------
  Melee: Unarmed           ||    10
   Cast: Sting             ||    24
         Poisonous Vapours ||     1
    Use: Potion            ||     4
         Scroll            ||     4
 Armour: Robe              ||    15
  Dodge: Dodged            ||    23

Table legend: (Time is in decaauts)
 A = Elapsed time spent in this place.
 B = Non-inter-level travel time spent in this place.
 C = Inter-level travel time spent in this place.
 D = Time resting spent in this place.
 E = Time spent auto-exploring this place.
 F = Levels seen in this place.
 G = Mean time per level.
                   A        B        C        D        E       F      G
               +--------+--------+--------+--------+--------+-----+--------+
         Total |    925 |    914 |     11 |     21 |    728 |   2 |  462.5 |
       Dungeon |    925 |    914 |     11 |     21 |    728 |   2 |  462.5 |
               +--------+--------+--------+--------+--------+-----+--------+

Top non-repeatable levels by time:
     D:1: 580 daAuts
     D:2: 345 daAuts
